 Dungeon Crawl Stone Soup version 0.26-a0-639-g72c4674329 (webtiles) character file.

Game seed: 11765516943424683649

11 MrRokkomies the Sneak (level 2, -1/26 HPs)
             Began as a Demigod Delver on Sept 15, 2020.
             Slain by a quokka (4 damage)
             ... on level 4 of the Dungeon.
             The game lasted 00:00:49 (288 turns).

MrRokkomies the Sneak (Demigod Delver)               Turns: 288, Time: 00:00:49

Health: -1/26      AC:  3    Str: 15    XL:     2   Next: 6%
Magic:  4/4        EV: 12    Int: 14    God:
Gold:   16         SH:  0    Dex: 17    Spells: 1/1 levels left

rFire    . . .     SeeInvis .   a - +0 falchion
rCold    . . .     Faith    .   (no shield)
rNeg     . . .     Spirit   .   b - +0 leather armour
rPois    .         Reflect  .   (no helmet)
rElec    .         Harm     .   (no cloak)
rCorr    .         Rampage  .   (no gloves)
MR       .....                  (no boots)
Stlth    +++.......             (no amulet)
HPRegen  0.08/turn              (no ring)
MPRegen  0.09/turn              (no ring)

@: no status effects
A: high mp 1
a: no special abilities


You were on level 4 of the Dungeon.
You visited 1 branch of the dungeon, and saw 2 of its levels.

You collected 16 gold pieces.

Inventory:

Hand Weapons
 a - a +0 falchion (weapon)
Missiles
 h - 8 stones (quivered)
Armour
 b - a +0 leather armour (worn)
Wands
 g - a wand of digging (3)
Scrolls
 c - a scroll of fog
 d - a scroll of magic mapping
 e - a scroll of remove curse {unknown}
Potions
 f - 2 potions of haste


   Skills:
 * Level 3.0 Fighting
 * Level 2.1 Long Blades
 + Level 2.0 Dodging
 - Level 4.5 Stealth


You had one spell level left.
You didn't know any spells.
Your spell library was empty.

Dungeon Overview and Level Annotations

Branches:
Dungeon (5/15)             Temple (0/1) D:4


Innate Abilities, Weirdness & Mutations

You have an increased reservoir of magic. (+10% MP)


Message History

You riposte.
You closely miss the howler monkey.
There is an open door here.
You closely miss the giant cockroach.
The howler monkey hits you but does no damage.
The quokka barely misses you.
You hit the giant cockroach.
You kill the giant cockroach!
Your Fighting skill increases to level 3!
Your Dodging skill increases to level 2!
The howler monkey misses you.
You riposte.
You closely miss the howler monkey. The quokka bites you.
* * * LOW HITPOINT WARNING * * *
The howler monkey hoots and howls with incredible vigour!
You hear a shout!
The quokka bites you.
* * * LOW HITPOINT WARNING * * *
You see here a scroll labeled DOARGHY SETH.
e - a scroll labeled DOARGHY SETH The quokka bites you.
You die...

######### .........#
..$......# .........#
.........#
.........########
........hr@.....#
........o######.#
.........# ####.#
.........# #... #
.........###.# #######
........(#...########......
.........'...o......'(o.o..
.........#......#####......
##.>..............# #......


You could see a howler monkey, an orc and a quokka.

Vanquished Creatures
  An adder (D:4)
  A giant cockroach (D:4)
  A quokka (D:4)
3 creatures vanquished.

Vanquished Creatures (others)
  14 plants (D:4)
14 creatures vanquished.

Grand Total: 17 creatures vanquished

Notes
Turn   | Place    | Note
-------+----------+-------------------------------------------
     0 | D:5      | MrRokkomies the Demigod Delver began the quest for the Orb.
     0 | D:5      | Reached XP level 1. HP: 18/18 MP: 3/3
     9 | D:5      | Noticed an iguana
    15 | D:5      | Noticed a jelly
    58 | D:4      | Reached XP level 2. HP: 13/25 MP: 4/4
   234 | D:4      | Noticed a big kobold
   238 | D:4      | Noticed a howler monkey
   239 | D:4      | Found a staircase to the Ecumenical Temple.
   278 | D:4      | Noticed a howler monkey
   288 | D:4      | Slain by a quokka

Illustrated notes

Levels and vault maps discovered:
D:4:      layout_basic, grunt_temple_overflow_open, minmay_temple_entry_grid,
          serial_shops, kennysheep_mini, lexackson_kobold_supper, uniq_eustachio
D:5:      layout_cave_pods

Skill      XL: |  1  2 |
---------------+-------+-----
Long Blades    | 2 |  2.1
Fighting       | 3 |  3.0
Dodging        | 2 |  2.0
Stealth        | |  4.5

Action                   || total
-------------------------++-------
Melee: Falchion          ||    12
  Use: Scroll            ||     1
Armor: Leather armour    ||     5
Dodge: Dodged            ||    30
       Rpst.: Falchion   ||     9

Table legend: (Time is in decaauts)
 A = Elapsed time spent in this place.
 B = Non-inter-level travel time spent in this place.
 C = Inter-level travel time spent in this place.
 D = Time resting spent in this place.
 E = Time spent auto-exploring this place.
 F = Levels seen in this place.
 G = Mean time per level.
                   A        B        C        D        E       F      G
               +--------+--------+--------+--------+--------+-----+--------+
         Total |    290 |    290 |      0 |    169 |     13 |   2 |  145.0 |
       Dungeon |    290 |    290 |      0 |    169 |     13 |   2 |  145.0 |
               +--------+--------+--------+--------+--------+-----+--------+

Top non-repeatable levels by time:
     D:4: 249 daAuts
     D:5: 41 daAuts
